 Dungeon Crawl Stone Soup version 0.29-a0-289-g2178c42546 (webtiles) character file.

Game seed: 6778733020710322566

1621 kae the Cleaver (level 8, -5/73 HPs)
             Began as a Hill Orc Fighter on Mar 17, 2022.
             Slain by an orc warrior
             ... wielding a +0 battleaxe
              (14 damage)
             ... on level 5 of the Dungeon.
             The game lasted 00:02:09 (4635 turns).

kae the Cleaver (Hill Orc Fighter)                  Turns: 4635, Time: 00:02:10

Health: -5/73      AC:  9    Str: 21    XL:     8   Next: 96%
Magic:  8/8        EV:  9    Int: 14    God:
Gold:   179        SH:  5    Dex: 10    Spells: 7/7 levels left

rFire   . . .      SeeInvis .   a - +1 war axe
rCold   . . .      Faith    .   c - +0 buckler
rNeg    . . .      Spirit   .   b - +0 scale mail
rPois   .          Reflect  .   (no helmet)
rElec   .          Harm     .   (no cloak)
rCorr   .          Rampage  .   j - +1 pair of gloves
Will    .....                   (no boots)
Stlth   ..........              m - amulet of magic regeneration
HPRegen 0.22/turn               p - +6 ring of intelligence
MPRegen 0.51/turn               i - ring of flight

@: flying
A: no striking features
a: no special abilities


You were on level 5 of the Dungeon.
You visited 1 branch of the dungeon, and saw 5 of its levels.

You collected 179 gold pieces.

Inventory:

Hand Weapons
 a - a +1 war axe (weapon)
Armour
 b - a +0 scale mail (worn)
 c - a +0 buckler (worn)
 j - a +1 pair of gloves (worn)
Jewellery
 i - a ring of flight (right hand)
 m - an amulet of magic regeneration (around neck)
 p - a +6 ring of intelligence (left hand)
 r - a +6 ring of dexterity
Wands
 g - a wand of iceblast (7)
 o - a wand of digging (4)
Scrolls
 e - a scroll of immolation {unknown}
 k - a scroll of teleportation
Potions
 d - 2 potions of might
 f - 2 potions of curing
 h - a potion of heal wounds {unknown}
 l - 2 potions of degeneration
 n - a potion of cancellation {unknown}
 q - a potion of ambrosia {unknown}
 s - a potion of lignification {unknown}


   Skills:
 + Level 7.5 Fighting
 * Level 10.5 Axes
 - Level 3.2 Armour
 + Level 6.8 Shields


You had 7 spell levels left.
You didn't know any spells.
Your spell library was empty.

Dungeon Overview and Level Annotations

Branches:
Dungeon (5/15)
 Temple: D:4-7

Altars:
Okawaru


Message History

Things that are here:
a +0 trident; a +0 robe
Things that are here:
a +0 trident; a +0 robe
e - a scroll labelled JITUHASEHI An orc warrior is nearby!
An orc warrior is nearby!
An orc warrior is nearby!
The orc warrior drinks a potion.
The orc warrior seems to speed up.
The orc warrior barely misses you.
You hit the orc warrior.
The orc warrior is lightly wounded.
The orc warrior hits you with a +0 battleaxe.
The orc warrior hits you with a +0 battleaxe!
You hit the orc warrior.
The orc warrior is moderately wounded.
The orc warrior barely misses you.
You hit the orc warrior but do no damage.
The orc warrior is moderately wounded.
The orc warrior hits you with a +0 battleaxe.
The orc warrior hits you with a +0 battleaxe!
You are too injured to fight recklessly!
You are too injured to fight recklessly!
You are too injured to fight recklessly!
You are too injured to fight recklessly!
You are too injured to fight recklessly!
You are too injured to fight recklessly!
You hit the orc warrior but do no damage.
The orc warrior is moderately wounded.
The orc warrior hits you with a +0 battleaxe!
You slash the orc warrior!
The orc warrior is almost dead.
The orc warrior hits you with a +0 battleaxe!
* * * LOW HITPOINT WARNING * * *
The orc warrior hits you with a +0 battleaxe.
* * * LOW HITPOINT WARNING * * *
You hit the orc warrior but do no damage.
The orc warrior is almost dead.
The orc warrior hits you with a +0 battleaxe!
You die...

#.####..>....#####.#########...##
#.####.......##.........).......(
#................#.#.....o.......
#.####.......##..........W.......
#.# #.......##..####.######...##
#.# #.......##..####.# ##.).##
#># ##########...)...# #.....#
..# ..##o###### ##...## .##
#.##@# #...# . #.#
#.##.###########...##
.....##.##.......#..<......
#....)...####.#.#.##.##>
####.###....# # #.. .# . ...#
...... ...... #####
....#.#.......# ......#.......#
##....#........


You could see an orc warrior (fast).

Vanquished Creatures
  Sigmund (D:2)
  2 wyverns (D:5)
  Eustachio (D:4)
  A black bear (D:4)
  4 phantoms
  Blork the orc (D:5)
  A necrophage (D:4)
  A scorpion (D:4)
  A jelly (D:4)
  2 orc priests
  A hound (D:4)
  Jessica (D:3)
  An iguana (D:4)
  3 orc wizards (D:4)
  Robin (D:2)
  4 gnolls
  5 adders
  3 worms
  5 dart slugs
  12 orcs
  6 ball pythons
  4 bats
  7 endoplasms
  5 giant cockroaches
  15 goblins
  7 hobgoblins
  3 jackals
  7 quokkas
  6 frilled lizards
  8 kobolds
  2 rats
121 creatures vanquished.

Notes
Turn   | Place    | Note
-------+----------+-------------------------------------------
     0 | D:1      | kae the Hill Orc Fighter began the quest for the Orb.
     0 | D:1      | Reached XP level 1. HP: 19/19 MP: 1/1
   138 | D:1      | Reached skill level 3 in Axes
   234 | D:1      | Reached XP level 2. HP: 23/27 MP: 2/2
   778 | D:1      | Reached XP level 3. HP: 30/33 MP: 3/3
   798 | D:1      | You fall into a shaft and drop 1 floor!
  1369 | D:2      | Reached skill level 4 in Axes
  1392 | D:2      | Noticed Sigmund
  1401 | D:2      | Killed Sigmund
  1402 | D:2      | Reached skill level 5 in Axes
  1402 | D:2      | Reached XP level 4. HP: 15/41 MP: 4/4
  1402 | D:2      | Reached XP level 5. HP: 18/47 MP: 5/5
  1728 | D:2      | Reached skill level 5 in Fighting
  1728 | D:2      | Reached skill level 6 in Axes
  1728 | D:2      | Reached XP level 6. HP: 34/56 MP: 6/6
  1942 | D:2      | Noticed Robin
  1956 | D:2      | Killed Robin
  2401 | D:3      | Noticed Jessica
  2405 | D:3      | Killed Jessica
  2477 | D:3      | Found an iron altar of Okawaru.
  3102 | D:4      | Reached skill level 7 in Axes
  3102 | D:4      | Reached skill level 5 in Shields
  3102 | D:4      | Reached XP level 7. HP: 61/61 MP: 7/7
  3324 | D:4      | Noticed Eustachio
  3342 | D:4      | Killed Eustachio
  3343 | D:4      | Reached skill level 8 in Axes
  3584 | D:4      | Reached XP level 8. HP: 67/71 MP: 8/8
  3680 | D:4      | Reached skill level 9 in Axes
  3977 | D:5      | Entered Level 5 of the Dungeon
  4013 | D:5      | HP: 2/71 [phantom (5)]
  4027 | D:5      | Noticed a wyvern
  4439 | D:5      | Noticed a wyvern
  4446 | D:5      | Killed a wyvern
  4447 | D:5      | Reached skill level 10 in Axes
  4450 | D:5      | Killed a wyvern
  4602 | D:5      | Noticed Blork the orc
  4608 | D:5      | Killed Blork the orc
  4635 | D:5      | Slain by an orc warrior

Illustrated notes

Levels and vault maps discovered:
D:1:      eino_arrival_water_cross, layout_basic, st_stairs_9,
          grunt_decor_clamped
D:2:      layout_loops_ring, uniq_sigmund, uniq_robin
D:3:      layout_loops_ring, mainiacjoe_overflow_chevrons, uniq_jessica
D:4:      minmay_octagon_keep, layout_rooms, kennysheep_generic_room_7,
          uniq_eustachio
D:5:      layout_loops_cross, minmay_temple_entry_hall, gammafunk_ghost_arena,
          uniq_blork_the_orc, uniq_grinder

Skill      XL: |  1  2  3  4  5  6  7  8 |
---------------+-------------------------+-----
Axes           | 3 5 6 7 8 10 | 10.5
Fighting       | 4 5 6 7 |  7.5
Shields        | 4 5 6 |  6.8
Armour         | |  3.2

Action                   |  1- 3 |  4- 6 |  7- 9 || total
-------------------------+-------+-------+-------++-------
Melee: War axe           |    78 |   128 |   155 ||   361
  Use: Scroll            |       |     8 |     2 ||    10
       Potion            |       |       |     2 ||     2
Armor: Scale mail        |    37 |    60 |    81 ||   178
Dodge: Dodged            |    30 |    75 |    56 ||   161
Block: Buckler           |    17 |    27 |    38 ||    82

Table legend: (Time is in decaauts)
 A = Elapsed time spent in this place.
 B = Non-inter-level travel time spent in this place.
 C = Inter-level travel time spent in this place.
 D = Time resting spent in this place.
 E = Time spent auto-exploring this place.
 F = Levels seen in this place.
 G = Mean time per level.
                   A        B        C        D        E       F      G
               +--------+--------+--------+--------+--------+-----+--------+
         Total |   4692 |   4578 |    114 |    665 |   3140 |   5 |  938.4 |
       Dungeon |   4692 |   4578 |    114 |    665 |   3140 |   5 |  938.4 |
               +--------+--------+--------+--------+--------+-----+--------+

Top non-repeatable levels by time:
     D:1: 1264 daAuts
     D:2: 1121 daAuts
     D:4: 982 daAuts
     D:3: 684 daAuts
     D:5: 640 daAuts
